 Seeded DCSS version 0.28.0-53-g5a82cb258f (console) character file.

Game seed: 16485589664932812168 (custom seed)

7772 grimtooth the Destroyer (level 11, -2/63 HPs)
             Began as an Octopode Hedge Wizard on June 25, 2022.
             Was a Priest of Sif Muna.
             Slain by a wolf (10 damage)
             ... on level 1 of the Lair of Beasts.
             The game lasted 01:32:45 (14066 turns).

grimtooth the Destroyer (Octopode Hedge Wizard)    Turns: 14066, Time: 01:32:46

Health: -2/63      AC:  1    Str:  9    XL:     11   Next: 20%
Magic:  14/20      EV: 13    Int: 24    God:    Sif Muna [***...]
Gold:   647        SH:  0    Dex: 14    Spells: 7/22 levels left

rFire   + . .      SeeInvis .   a - +2 dagger (elec)
rCold   x . .      Faith    .   (no shield)
rNeg    . . .      Spirit   .   b - +0 hat
rPois   +          Reflect  .   f - amulet of regeneration
rElec   +          Harm     .   E - ring of Checkmate {rElec rPois Int+3 Dex+2}
rCorr   .          Rampage  .   l - ring of fire
Will    +....                   U - ring of willpower
Stlth   ++++......              (no ring)
HPRegen 1.00/turn               (no ring)
MPRegen 0.17/turn               (no ring)
                                (no ring)
                                (no ring)

@: no status effects
A: almost no armour, amphibious, 8 rings, camouflage 1, gelatinous body 1,
(nimble swimmer 1), tentacles
a: Renounce Religion, Channel Magic, Forget Spell


You were on level 1 of the Lair of Beasts.
You worshipped Sif Muna.
Sif Muna was most pleased with you.
You visited 3 branches of the dungeon, and saw 13 of its levels.
You also visited: Gauntlet.

You collected 673 gold pieces.
You spent 26 gold pieces at shops.

Inventory:

Hand Weapons
 a - a +2 dagger of electrocution (weapon)
 P - the +3 short sword of the Fulmar {protect, Drain rCorr Int+6}
   (You took it off an orc on level 7 of the Dungeon)

   It grants its wielder temporary protection when it strikes (+7 to AC).
   Int:       It affects your intelligence (+6).
   rCorr:     It protects you from acid and corrosion.
   Drain:     It drains your maximum health when unequipped.
Missiles
 h - 120 stones
 k - 23 poisoned darts (quivered)
 s - 16 boomerangs
 K - a throwing net
 L - a curare-tipped dart
Armour
 b - a +0 hat (worn)
 J - a +2 buckler of positive energy
Jewellery
 d - a ring of wizardry
 f - an amulet of regeneration (around mantle)
 l - a ring of fire (right tentacle)
 E - the ring of Checkmate (left tentacle) {rElec rPois Int+3 Dex+2}
   (You found it on level 5 of the Dungeon)

   [ring of poison resistance]

   Int:       It affects your intelligence (+3).
   Dex:       It affects your dexterity (+2).
   rElec:     It insulates you from electricity.
   rPois:     It protects you from poison.
 U - a ring of willpower (on tentacle)
Wands
 w - a wand of digging (3)
 G - a wand of mindburst (2)
 O - a wand of charming (21)
 S - a wand of flame (11)
 Y - a wand of polymorph (5)
Scrolls
 e - 6 scrolls of teleportation
 m - 3 scrolls of amnesia {unknown}
 q - 2 scrolls of fear
 u - a scroll of vulnerability {unknown}
 v - 2 scrolls of holy word {unknown}
 C - 4 scrolls of blinking {unknown}
 D - 2 scrolls of magic mapping {unknown}
 F - 2 scrolls of silence {unknown}
 H - 3 scrolls of fog {unknown}
 I - 2 scrolls of enchant weapon {unknown}
 N - 4 scrolls of enchant armour {unknown}
 R - a scroll of noise {unknown}
Potions
 c - 2 potions of curing
 i - 2 potions of heal wounds {unknown}
 j - 6 potions of attraction
 t - 2 potions of berserk rage {unknown}
 x - 2 potions of magic
 A - 2 potions of mutation
 Q - a potion of brilliance {unknown}
 T - 2 potions of flight {unknown}
 V - a potion of haste {unknown}
 W - a potion of resistance {unknown}
 Z - a potion of lignification {unknown}


   Skills:
 + Level 1.4 Fighting
 - Level 2.0 Dodging
 - Level 6.0 Stealth
 - Level 6.0 Spellcasting
 - Level 9.0 Conjurations
 - Level 6.0 Hexes
 - Level 6.0 Summonings
 - Level 6.0 Translocations
 - Level 6.0 Fire Magic
 - Level 4.0 Poison Magic
 + Level 1.6 Invocations


You had 7 spell levels left.
You knew the following spells:

 Your Spells              Type           Power      Damage    Failure   Level
a - Magic Dart            Conj           100%       1d8       1%          1
b - Slow                  Hex            100%       N/A       1%          1
c - Call Imp              Summ           36%        N/A       1%          2
d - Mephitic Cloud        Conj/Pois/Air  27%        N/A       4%          3
f - Conjure Flame         Conj/Fire      59%        6-21      1%          3
k - Blink                 Tloc           72%        N/A       1%          2
x - Confusing Touch       Hex            36%        N/A       1%          3

Your spell library contained the following spells:

 Spells                   Type           Power      Damage    Failure   Level
 Gell's Gravitas          Tloc           36%        N/A       1%          3
 Teleport Other           Tloc           36%        N/A       1%          3
 Ensorcelled Hibernation  Hex/Ice        42%        N/A       3%          2
 Cause Fear               Hex            18%        N/A       7%          4
 Animate Skeleton         Necr           14%        N/A       8%          1
 Pain                     Necr           28%        1d5       8%          1
 Spider Form              Tmut/Pois      16%        N/A       11%         3
 Corpse Rot               Necr/Air       14%        N/A       12%         2
 Summon Mana Viper        Hex/Summ       36%        N/A       19%         5
 Anguish                  Hex/Necr       10%        N/A       22%         4
 Frozen Ramparts          Ice            14%        1d3       24%         3
 Vampiric Draining        Necr           7%         2d6       24%         3
 Dispel Undead            Necr           7%         3d8       61%         4
 Dispersal                Tloc           18%        N/A       71%         6
 Death Channel            Necr           3%         N/A       100%        6
 Dragon Form              Tmut           3%         N/A       100%        7
 Discord                  Hex            18%        N/A       100%        8
 Dragon's Call            Summ           18%        N/A       100%        9


Dungeon Overview and Level Annotations

Branches:
Dungeon (11/15)            Temple (1/1) D:4            Lair (1/6) D:8
    Orc (0/2) D:10        Gauntlet (visited)

Altars:
Ashenzari
Cheibriados
Elyvilon
Fedhas
Gozag
Hepliaklqana
Kikubaaqudgha
Makhleb
Nemelex Xobeh
Okawaru
Qazlal
Ru
Sif Muna
Trog
Uskayaw
Vehumet
Yredelemnul
Zin
The Shining One

Shops:
D:5 *=   D:7 (   D:8 :   D:9 *[

Annotations:
D:1 flypport
D:6 dig
D:10 3 runed translucent doors, Urug; issech's ghost, journeyman MiMo
D:11 3 runed translucent doors, exclusions: cyclops, obsidian statue, troll and zombie, Soldner's ghost, journeyman GrFi
Lair:1 exclusions: hydra and komodo dragon


Innate Abilities, Weirdness & Mutations

You cannot wear most types of armour.
You are amphibious.
You can wear up to eight rings at the same time.
Your skin changes colour to match your surroundings (Stealth+).
Your rubbery body absorbs attacks. (AC +1, EV +1)
((You are camouflaged when in or above water. (Stealth+)))
You have tentacles for arms and can constrict up to eight enemies at once.


Message History

Sif Muna accepts your kill.
The wolf howls! x2
Casting: Magic Dart (safe; 1% risk of failure)
Confirm with . or Enter, or press ? or * to list all spells.
You feel a surge of power!
The fire begins to smoulder!
The wolf smothers the flame.
Enter note: - i have still not got the hang of new conjure flame You barely miss the wolf.
Your grab misses the wolf. Your squeeze misses the wolf.
The wolf barely misses you. The wolf bites you!
You hit the wolf but do no damage. Your grab misses the wolf.
Your squeeze misses the wolf. The wolf bites you!
You hit the wolf. You grab the wolf.
The wolf is lightly wounded.
You constrict the wolf. The wolf barely misses you.
The wolf completely misses you.
You hit the wolf. You squeeze the wolf, but do no damage.
The wolf is lightly wounded.
You constrict the wolf. The wolf bites you. The wolf barely misses you.
You hit the wolf but do no damage. Lightning courses through the wolf!
You squeeze the wolf.
You kill the wolf!
Sif Muna accepts your kill. The wolf bites you.
You miss the wolf. Your grab misses the wolf. Your squeeze misses the wolf.
The wolf bites you! The wolf barely misses you.
You hit the wolf. You grab the wolf. You squeeze the wolf.
The wolf is moderately wounded.
You constrict the wolf. The wolf barely misses you.
You hit the wolf but do no damage.
The wolf is moderately wounded.
You constrict the wolf. The wolf bites you!
* * * LOW HITPOINT WARNING * * *
The wolf misses you.
You barely miss the wolf.
The wolf is heavily wounded.
You constrict the wolf, but do no damage.
The wolf bites you!
* * * LOW HITPOINT WARNING * * *
The wolf bites you!
You die...

########### #.........#
#.........# #.......###
...#########.......##
.......h@...........### #
.......#####..........###
........##...........P...
.........................
.........................
.......#.................
...................^..#..
.........................
......................
......................
...................$..


You could see a wolf.

Vanquished Creatures
  A cyclops (D:11)
  A gargoyle (D:8)
  A komodo dragon (Lair:1)
  A hornet (D:9)
  Prince Ribbit (D:5)
  A meliai zombie (D:11)
  A shadow (D:9)
  A wraith (D:11)
  A wyvern (D:10)
  5 yaks (D:9)
  3 steam dragons
  3 vampire mosquitoes
  Menkaure (D:4)
  A water moccasin (Lair:1)
  A hornet zombie (D:9)
  Duvessa (D:5)
  An orc warrior (D:10)
  2 wolves (Lair:1)
  A necrophage (D:5)
  A phantom (D:5)
  2 centaurs (D:9)
  3 kobold brigands
  2 scorpions
  6 bullfrogs
  Blork the orc (D:4)
  A wyvern zombie (D:7)
  2 wyvern skeletons
  A water moccasin skeleton (D:5)
  Dowan (D:5)
  5 killer bees
  5 wights
  A howler monkey (D:7)
  An electric eel (D:6)
  5 centaur zombies
  5 orc priests
  A bullfrog skeleton (D:5)
  2 centaur skeletons
  4 iguanas
  A gnoll shaman (D:6)
  Jessica (D:3)
  4 orc wizards
  Natasha (twice) (D:2)
  3 gnolls
  5 adders
  A shadow imp (D:7)
  A white imp (D:6)
  A worm (D:2)
  2 dart slugs
  37 orcs
  9 ball pythons
  6 bats
  4 endoplasms
  4 giant cockroaches
  17 goblins
  7 hobgoblins
  20 kobolds
  5 quokkas
  3 frilled lizards
  6 rats
216 creatures vanquished.

Vanquished Creatures (collateral kills)
  A yak (D:9)
  Sigmund (D:2)
  A vampire mosquito (D:9)
  A scorpion (D:5)
  A wight (D:4)
  An iguana (D:5)
  2 orc wizards (D:6)
  Robin (D:2)
  An orc (D:6)
  2 goblins (D:2)
  A hobgoblin (D:2)
13 creatures vanquished.

Vanquished Creatures (others)
  9 fungi
  24 plants
33 creatures vanquished.

Grand Total: 262 creatures vanquished

Notes
Turn   | Place    | Note
-------+----------+-------------------------------------------
     0 | D:1      | grimtooth the Octopode Hedge Wizard began the quest for the
                  | Orb.
     0 | D:1      | Reached XP level 1. HP: 11/11 MP: 4/4
   324 | D:1      | Reached skill level 2 in Conjurations
   324 | D:1      | Reached XP level 2. HP: 17/17 MP: 4/6
   768 | D:1      | Reached XP level 3. HP: 21/21 MP: 5/7
   925 | D:1      | Reached skill level 3 in Conjurations
  1228 | D:2      | Noticed Natasha
  1235 | D:2      | Killed Natasha
  1236 | D:2      | Reached XP level 4. HP: 27/27 MP: 1/8
  1435 | D:2      | Identified the +1 scale mail of the First Friars {rElec
                  | SInv}
  1672 | D:2      | Reached skill level 4 in Conjurations
  1737 | D:2      | Learned a level 2 spell: Blink
  1740 | D:2      | Learned a level 2 spell: Call Imp
  1789 | D:2      | Noticed Natasha
  1794 | D:2      | Killed Natasha
  1971 | D:2      | Reached XP level 5. HP: 31/31 MP: 9/9
  2201 | D:2      | Noticed Sigmund
  2244 | D:2      | Noticed Robin
  2398 | D:3      | Found a faded altar of an unknown god.
  2550 | D:3      | Reached skill level 5 in Conjurations
  2692 | D:3      | Noticed Jessica
  2703 | D:3      | Killed Jessica
  3164 | D:4      | Noticed Blork the orc
  3196 | D:4      | Killed Blork the orc
  3197 | D:4      | Reached skill level 6 in Conjurations
  3197 | D:4      | Reached XP level 6. HP: 22/36 MP: 10/10
  3292 | D:4      | Found a staircase to the Ecumenical Temple.
  3480 | D:4      | Noticed Menkaure
  3878 | D:4      | HP: 1/32 [wight/+5 hand axe (6)]
  4022 | D:4      | Reached XP level 7. HP: 39/41 MP: 3/11
  4270 | D:4      | Killed Menkaure
  4271 | D:4      | Reached skill level 5 in Summonings
  4329 | Temple   | Entered the Ecumenical Temple
  4582 | D:5      | Entered Level 5 of the Dungeon
  4659 | D:5      | Identified the ring of Checkmate {rElec rPois Int+3 Dex+2}
  4905 | D:5      | Noticed Prince Ribbit
  4918 | D:5      | Reached XP level 8. HP: 46/46 MP: 6/13
  5115 | D:5      | Found Kaungawk's Elemental Accessories.
  5403 | D:5      | Learned a level 1 spell: Slow
  5407 | D:5      | Learned a level 3 spell: Confusing Touch
  5474 | D:5      | Noticed Duvessa
  5474 | D:5      | Noticed Dowan
  5490 | D:5      | Found a shimmering blue altar of Sif Muna.
  5497 | D:5      | Found a snail-covered altar of Cheibriados.
  5515 | D:5      | Became a worshipper of Sif Muna the Loreminder
  5643 | D:5      | Found Hiycoibla's Jewellery Emporium.
  5799 | D:5      | Reached skill level 5 in Stealth
  6012 | D:5      | Found a broken altar of Ashenzari.
  6188 | D:5      | Killed Prince Ribbit
  6189 | D:5      | Reached skill level 5 in Spellcasting
  6393 | D:2      | Killed Sigmund
  6398 | D:2      | Killed Robin
  6427 | D:2      | Reached * piety under Sif Muna
  6848 | D:6      | Reached XP level 9. HP: 51/51 MP: 13/18
  7305 | D:6      | Reached skill level 7 in Conjurations
  7360 | D:6      | Found an opulent altar of Gozag.
  7619 | D:6      | Found a glowing silver altar of Zin.
  7701 | D:7      | Identified the +4 short sword of Midwinter {vorpal, *Noise
                  | rPois Str+4}
  7711 | D:7      | Found Filieqit's Weapon Shoppe.
  7838 | D:6      | Learned a level 3 spell: Mephitic Cloud
  7842 | D:6      | Learned a level 3 spell: Conjure Flame
  7997 | D:7      | Reached ** piety under Sif Muna
  8230 | D:7      | - sweet bow
  8357 | D:7      | Reached skill level 8 in Conjurations
  8471 | D:7      | Identified the +3 short sword of the Fulmar {protect, Drain
                  | rCorr Int+6}
  8830 | D:8      | Found a staircase to the Lair.
  9217 | D:8      | Found a sacrificial altar of Ru.
  9303 | D:8      | Found Deyh's Self-Improvement Boutique.
  9383 | D:8      | Noticed a gargoyle
  9441 | D:5      | Killed Dowan
  9449 | D:5      | Killed Duvessa
  9700 | D:9      | Found Ypsotapt's Antique Armour Emporium.
  9739 | D:9      | Reached skill level 9 in Conjurations
  9762 | D:9      | Found Hoykhe's Assorted Antiques.
  9775 | D:9      | Reached skill level 5 in Translocations
  9829 | D:9      | Noticed a hornet
  9925 | D:9      | Killed a hornet
  9926 | D:9      | Reached XP level 10. HP: 56/56 MP: 6/19
 10060 | D:9      | Reached skill level 1 in Hexes
 10356 | D:9      | Bought a sedimented ruby potion for 26 gold pieces
 10647 | D:9      | Reached skill level 5 in Hexes
 10893 | D:10     | Entered Level 10 of the Dungeon
 10993 | D:9      | - these guys are wrecking me
 11230 | D:10     | Reached skill level 1 in Fire Magic
 11230 | D:10     | Reached skill level 1 in Poison Magic
 11344 | D:10     | Found a runed translucent gate.
 11344 | D:10     | Found a runed translucent gate.
 11344 | D:10     | Found a runed translucent gate.
 11347 | D:10     | Noticed a spectral centaur warrior
 11350 | D:10     | Noticed issech's ghost (journeyman MiMo)
 11502 | D:10     | Found a hazy altar of Hepliaklqana.
 11519 | D:10     | Found a staircase to the Orcish Mines.
 11790 | D:10     | Reached *** piety under Sif Muna
 11791 | D:10     | Noticed Urug
 12136 | D:11     | Noticed a cyclops
 12156 | D:11     | Killed a cyclops
 12276 | D:11     | Found a gate leading to a gauntlet.
 12292 | D:11     | - this is likely gonna kill me
 12294 | Gauntlet | Entered a Gauntlet
 12294 | Gauntlet | Found a transporter.
 12294 | Gauntlet | Found a transporter.
 12310 | Gauntlet | Found a transporter.
 12310 | Gauntlet | Noticed a fire crab
 12315 | Gauntlet | Found a transporter.
 12320 | Gauntlet | Noticed a moth of wrath
 12331 | Gauntlet | Found a transporter.
 12345 | Gauntlet | Found a transporter.
 12350 | Gauntlet | Noticed a white ugly thing
 12354 | Gauntlet | Noticed a great orb of eyes
 12356 | Gauntlet | Noticed a green ugly thing
 12397 | Gauntlet | Noticed a spectral death yak
 12417 | Gauntlet | Noticed a necromancer
 12426 | Gauntlet | Found a transporter.
 12435 | Gauntlet | Found the +1 cloak of Starlight {*Dazzle EV+4 Stlth--}
 12436 | Gauntlet | Found a transporter.
 12451 | Gauntlet | Noticed a death scarab
 12452 | Gauntlet | Found a transporter.
 12453 | Gauntlet | Found a transporter.
 12459 | Gauntlet | Noticed a seven-headed hydra
 12463 | Gauntlet | Found a transporter.
 12463 | Gauntlet | Found a transporter.
 12472 | Gauntlet | Noticed a torpor snail
 12473 | Gauntlet | Found a transporter.
 12538 | Gauntlet | Found a transporter.
 12557 | Gauntlet | Found a transporter.
 12568 | Gauntlet | Found a transporter.
 12591 | Gauntlet | - I don't even see anything tempting
 12676 | D:11     | Found a sparkling altar of Nemelex Xobeh.
 12692 | D:11     | Reached XP level 11. HP: 21/61 MP: 6/20
 12825 | D:11     | Reached skill level 5 in Fire Magic
 13122 | D:11     | Found a runed translucent gate.
 13123 | D:11     | Found a runed translucent gate.
 13123 | D:11     | Found an opulent altar of Gozag.
 13123 | D:11     | Noticed an obsidian statue
 13124 | D:11     | Found a runed translucent gate.
 13127 | D:11     | Noticed a cyclops
 13150 | D:11     | Got the Collected Works on Frigorific Hexes
 13188 | D:11     | Noticed a cyclops
 13293 | D:11     | Noticed Soldner's ghost (journeyman GrFi)
 13293 | D:11     | Noticed a manticore
 13446 | D:8      | - that vampire is lurking round here too
 13484 | Lair:1   | Entered Level 1 of the Lair of Beasts
 13702 | Lair:1   | Reached skill level 1 in Invocations
 13912 | Lair:1   | Noticed a seven-headed hydra
 13961 | Lair:1   | Reached skill level 1 in Fighting
 14058 | Lair:1   | - i have still not got the hang of new conjure flame
 14066 | Lair:1   | Slain by a wolf

Illustrated notes ##### ##...## ##....)## #.......# ##...@...### #..........## #.#.....#...# #.##...##.#### #.##.##......## ###.##..........###...## #<..####).).....#.#..... ###..####)...)...........# #....#....)......#.......# #....#......).#(...##...... #...####..)..).#.##..##...## Turn 8230 on D:7: - sweet bow

...)#.....## #...#......#
...........## #..###...#.#####
............# #...###.##.##...
............# #....#####..#...
............## #.....# #......
.............#####....## #......
..........P.....##...######......
.....>....∩..##.##...............
....#....P.P.......#.......>..###
#######........#..##.#.......####
#........#@y...####....#...
#..[.(...#5#.......#.....##
#........#y#.............#$
#..........#.............#[
#.........##......(......#$
#.........##......>......##
#.........##...............
#..........................
##...#.####................
#...#.###.................
#.......÷.....######......


Turn 10993 on D:9: - these guys are wrecking me ...# ....#...# ##.##
###...#(..#... .#..###............... ...##..........##.......
......#................. .###..#................# .# #.................... ##
###...........#...... # #............#...... #...##..#....∩......
#.......####@.#.... #.####..### #### . ##.Z#....# #........# #..###.=.# #. ##..#
...# ..### ..# .⌠. #... Turn 12292 on D:11: - this is likely gonna kill me
#.#..########### #.#..........#8# #.#..........##### #.#########.....≈###
#........©#......#8# #.#############..### #.#.#.........#..# #.#.#.P.P..P..#..#
#.#.#..#..P#.w#..# #.#.#..P......#..#≈8≈# #©#.#....©...D#.@#...#
###.#.P.....P.####.8.# #...#.P#P..#..#©.....# #...#D.....P..####.8....
#...#w.$[©.}..#..#...##. #...###########..#.8.# ..≈.............§#...#
.≈8≈............∩#.8.. ..≈§............≈#...# #.§.###########..#.8.#
#...#uu.[©$|..#..#...# Turn 12591 on Gauntlet: - I don't even see anything
tempting ##.......#............... #.##....>#...............
#........9......#.[...... ##...#...#............... ##.###.##........#...... ###
###.........#...... #......<........<. ###................. #.....9#............
#......#............ #..@................ ###..........##....#
#.5.......######.# ##...........#..### #.......##......# #...#...........#
#####........#.## #....##.##### #....#### ##...# ##.## Turn 13446 on D:8: - that
vampire is lurking round here too ########### #.........# #.........#
#.......### ...#########.......## .......h@...........### #
.......#####..........### .....h..##...........P... .........................
......................... .......#................. ...................^..#..
......................... ...................... ......................
...................$.. Turn 14058 on Lair:1: - i have still not got the hang of
new conjure flame

Levels and vault maps discovered:
D:1:      lemuel_arrival_lava_pool, layout_rooms, minivault_19
D:2:      layout_loops_cross, uniq_robin, uniq_natasha, uniq_sigmund
D:3:      layout_basic, shapermc_ecumenical_altar_acropolis, serial_aquarium,
          aquarium_bridge_straight [aquarium_subvault_bridge,
          aquarium_subvault_wall, aquarium_subvault_bridge,
          aquarium_subvault_window], aquarium_bridge_square
          [aquarium_subvault_bridge, aquarium_subvault_window,
          aquarium_subvault_wall, aquarium_subvault_bridge], aquarium_window_1,
          aquarium_window_fake, aquarium_view_2f, aquarium_view_2b, uniq_jessica
D:4:      layout_loops_ring, minmay_temple_entry_glass, uniq_blork_the_orc,
          uniq_menkaure
D:5:      layout_basic, minmay_overflow_temple_star_quad, serial_shops,
          nicolae_lakefront_shop, minmay_misc_feat_columns,
          nicolae_elemental_shop, minivault_27, grunt_ministairs_3,
          uniq_prince_ribbit1, uniq_duvessa
D:6:      layout_loops_cross, nicolae_gozag_seed_capital, zin_scriptorium,
          chequers_garden, fountainhead
D:7:      layout_cave_pools, serial_shops, nicolae_shop_bloodbath_and_beyond
D:8:      layout_cave_pools, amcnicky_altar_gilded, lair_entry_dummy,
          nicolae_shop_self_help
D:9:      layout_rooms, serial_shops, nicolae_shop_overgrown_old_shop, shop,
          nicolae_straight_to_the_point
D:10:     layout_rooms, kennysheep_little_box, david_orc_2,
          gammafunk_ghost_necromancy, uniq_urug
D:11:     layout_cave_pools, gauntlet_entry_generic, ebering_ghost_gozag,
          nemelex_xobeh_ov_fountains_minmay
Temple:   regret_index_temple_generic_petals
Lair:1:   layout_hall_layers

Skill      XL: |  1  2  3  4  5  6  7  8  9 10 11 |
---------------+----------------------------------+-----
Conjurations   | 2 3 4 6 9 |  9.0
Summonings     | 3 6 |  6.0
Stealth        | 3 6 |  6.0
Spellcasting   | 6 |  6.0
Translocations | 5 6 |  6.0
Hexes          | 6 |  6.0
Fire Magic     | 4 6 |  6.0
Poison Magic   | 3 4 |  4.0
Invocations    | 1 |  1.6
Fighting       | 1 |  1.4
Dodging        | |  2.0

Action                   |  1- 3 |  4- 6 |  7- 9 | 10-12 || total
-------------------------+-------+-------+-------+-------++-------
Melee: Dagger            |     8 |    35 |   109 |   101 ||   253
       Constrict         |     1 |    10 |    27 |    11 ||    49
       Tentacles         |     1 |     4 |    30 |    27 ||    62
       Punch             |       |     1 |       |     3 ||     4
Throw: Dart              |       |       |     1 |    10 ||    11
       Boomerang         |       |       |       |     5 ||     5
 Cast: Magic Dart        |    60 |   104 |   276 |   159 ||   599
       Call Imp          |       |     4 |    17 |    16 ||    37
       Blink             |       |       |     9 |    19 ||    28
       Conjure Flame     |       |       |     2 |    17 ||    19
       Mephitic Cloud    |       |       |     2 |     5 ||     7
       Slow              |       |       |     1 |     8 ||     9
       Confusing Touch   |       |       |       |     1 ||     1
Evoke: Wand              |       |       |     4 |    23 ||    27
  Use: Scroll            |       |       |     7 |     2 ||     9
       Potion            |       |       |     1 |     2 ||     3
 Stab: Sleeping          |       |     6 |     5 |     3 ||    14
       Confused          |       |       |     3 |     1 ||     4
       Distracted        |       |       |       |     1 ||     1
Armor: Skin              |     1 |       |     2 |    13 ||    16
Dodge: Dodged            |     9 |    19 |    85 |   132 ||   245
